 Dungeon Crawl Stone Soup version 0.31-a0-819-gf6de2f5ab6 (webtiles) character file.

Game seed: 8761376747302876322

10906 pokeman the Thaumaturge (level 11, -15/60 HPs)
             Began as a Deep Elf Hedge Wizard on Sept 24, 2023.
             Was an Elder of Vehumet.
             Killed from afar by an oklob plant (23 damage)
             ... with a splash of acid
             ... in a Gauntlet.
             The game lasted 00:29:46 (12163 turns).

pokeman the Thaumaturge (Deep Elf Hedge Wizard)    Turns: 12163, Time: 00:29:48

Health: -15/60     AC:  6    Str: 11    XL:     11   Next: 42%
Magic:  24/31      EV: 13    Int: 24    God:    Vehumet [****..]
Gold:   346        SH:  0    Dex: 14    Spells: 19/39 levels left

rFire   . . .        I - +6 spear "Grum" {venom, Str+4}
rCold   . . .        (no shield)
rNeg    . . .        n - +0 steam dragon scales
rPois   +            A - +1 helmet
rElec   .            g - +0 cloak
rCorr   .            (no gloves)
SInv    .            v - +0 pair of boots
Will    +....        (no amulet)
Stlth   ++           K - ring of poison resistance
HPRegen 0.30/turn    c - ring of flight
MPRegen 0.22/turn

%: no teleportation
@: corroded, on blink cooldown, flying
A: no striking features
a: Renounce Religion


You were in a Gauntlet.
You worshipped Vehumet.
Vehumet was greatly pleased with you.
You visited 2 branches of the dungeon, and saw 12 of its levels.
You also visited: Gauntlet.

You collected 599 gold pieces.
You spent 253 gold pieces at shops.

Inventory:

Hand Weapons
 I - the +6 spear "Grum" (weapon) {venom, Str+4}
   (You found it on level 9 of the Dungeon)

   Str+4:     It affects your strength (+4).
Missiles
 x - 4 throwing nets
 F - a curare-tipped dart
Armour
 g - a +0 cloak (worn)
 n - +0 steam dragon scales (worn)
 v - a +0 pair of boots (worn)
 A - a +1 helmet (worn)
Jewellery
 c - a ring of flight (right hand)
 e - an amulet of guardian spirit
 w - a ring of ice
 C - a ring of positive energy
 K - a ring of poison resistance (left hand)
Wands
 y - a wand of roots (12)
 B - a wand of flame (17)
 G - a wand of mindburst (10)
Scrolls
 a - a scroll of fear
 f - 8 scrolls of teleportation
 i - a scroll of noise {unknown}
 k - a scroll of immolation {unknown}
 m - 5 scrolls of revelation
 o - a scroll of identify
 q - 2 scrolls of blinking {unknown}
 r - a scroll of amnesia {unknown}
 s - 4 scrolls of enchant weapon {unknown}
 t - a scroll of brand weapon {unknown}
 D - 2 scrolls of vulnerability {unknown}
 E - a scroll of acquirement {unknown}
 H - a scroll of fog {unknown}
 J - a scroll of poison {unknown}
Potions
 b - a potion of cancellation
 d - 2 potions of magic
 h - 3 potions of brilliance
 j - 3 potions of lignification
 l - 2 potions of enlightenment
 p - 2 potions of curing
 u - 3 potions of mutation
 z - 2 potions of haste
 L - a potion of might {unknown}


   Skills:
 + Level 3.2 Fighting
 - Level 5.0 Armour
 - Level 3.1 Dodging
 - Level 3.3 Stealth
 - Level 1.0 Shields
 * Level 14.6 Spellcasting
 + Level 8.5 Conjurations
 - Level 1.1 Summonings
 - Level 1.1 Translocations
 - Level 1.0 Transmutations
 + Level 7.8 Fire Magic
 - Level 1.0 Air Magic
 + Level 5.8 Earth Magic
 - Level 1.0 Poison Magic
 - Level 1.0 Evocations


You had 19 spell levels left.
You knew the following spells:

 Your Spells              Type           Power      Damage    Failure   Level
a - Magic Dart            Conj           100%       1d8       1%          1
b - Mephitic Cloud        Conj/Pois/Air  34%        N/A       1%          3
c - Call Imp              Summ           44%        N/A       3%          2
d - Blink                 Tloc           44%        N/A       3%          2
e - Foxfire               Conj/Fire      100%       2x1d9     1%          1
f - Fireball              Conj/Fire      27%        3d12      1%          5
g - Stone Arrow           Conj/Erth      100%       3d13      1%          3
h - Ignite Poison         Fire/Tmut/Pois 33%        N/A       1%          3

Your spell library contained the following spells:

 Spells                   Type           Power      Damage    Failure   Level
 Olgreb's Toxic Radiance  Pois           22%        N/A       6%          4
 Apportation              Tloc           44%        N/A       1%          1
 Sandblast                Erth           90%        2d19      1%          1
 Passwall                 Tmut/Erth      28%        N/A       1%          2
 Volatile Blastmotes      Fire/Tloc      78%        2d16      1%          3
 Brom's Barrelling Bould  Conj/Erth      51%        2d7       1%          4
 Fulminant Prism          Conj/Hex       19%        3d10      1%          4
 Iskenderun's Mystic Bla  Conj/Tloc      40%        2d9       1%          4
 Sticky Flame             Conj/Fire      54%        2d7       1%          4
 Slow                     Hex            68%        N/A       3%          1
 Cigotuvi's Dreadful Rot  Necr/Pois/Air  40%        N/A       3%          2
 Jinxbite                 Hex            34%        N/A       4%          2
 Gell's Gravitas          Tloc           22%        N/A       6%          3
 Teleport Other           Tloc           22%        N/A       6%          3
 Cause Fear               Hex            8%         N/A       32%         4
 Alistair's Intoxication  Tmut/Pois      14%        N/A       52%         5
 Ignition                 Fire           26%        3d9       88%         8
 Dispersal                Tloc           11%        N/A       97%         6
 Malign Gateway           Summ/Tloc      11%        N/A       100%        7
 Summon Horrible Things   Summ           11%        N/A       100%        8
 Dragon's Call            Summ           11%        N/A       100%        9


Dungeon Overview and Level Annotations

Branches:
Dungeon (11/15)            Temple (1/1) D:5            Lair (0/5) D:8
    Orc (0/2) D:11        Gauntlet (1/1)

Altars:
Ashenzari
Cheibriados
Dithmenos
Elyvilon
Fedhas
Gozag
Hepliaklqana
Kikubaaqudgha
Makhleb
Nemelex Xobeh
Okawaru
Qazlal
Ru
Sif Muna
Trog
Uskayaw
Vehumet
Wu Jian
Xom
Yredelemnul
Zin
The Shining One

Shops:
D:2 ?   D:3 (

Portals:
Trove: D:10 (give 12 potions of heal wounds)

Annotations:
Gauntlet 13 transporters, 2 runed translucent doors, exclusion: oklob plant


Message History

The wolf howls!
The wolf howls!
There is a transporter here.
There is a transporter here.
The raiju barks!
There is a transporter here.
You enter the transporter and appear at another place.
Unknown command.
The oklob plant spits acid at you. The splash of acid hits you!
The acid corrodes you!
The acid dragon roars!
Unknown command.
The oklob plant spits acid at you. The splash of acid hits you!!
Casting: Stone Arrow (safe; 1% risk of failure)
Confirm with . or Enter, or press ? or * to list all spells.
You blink.
Unknown command.
Unknown command.
Casting: Blink (safe; 3% risk of failure)
Confirm with . or Enter, or press ? or * to list all spells.
Aiming: Stone Arrow (safe; 1% risk of failure)
Press: ? - help, Shift-Dir - straight line, f - oklob plant
Aim: an oklob plant (100% to hit)
The stone arrow hits the oklob plant!
The oklob plant is lightly damaged.
The steam dragon hisses angrily.
The oklob plant spits acid at you. The splash of acid hits you!!
* * * LOW HITPOINT WARNING * * *
Casting: Stone Arrow (safe; 1% risk of failure)
Confirm with . or Enter, or press ? or * to list all spells.
Aiming: Stone Arrow (safe; 1% risk of failure)
Press: ? - help, Shift-Dir - straight line, f/p - oklob plant
Aim: an oklob plant (lightly damaged, 100% to hit)
The stone arrow hits the oklob plant!!
The oklob plant is heavily damaged.
The oklob plant spits acid at you. The splash of acid hits you!!
You die...

......#..#########..###
#######..#...........≈#
h.#..h#..#########...##
#..#..#..#.....#.#.∩.§#
^.##..#..#=###D#.#...##
#..#h.#..#...###.#...§#
.©##..#©©#©..©.DP#©8.##
#..#..#..#.D.###.#...§#
..##..#..#$###.#@#...##
#..#..#..#.....#.#.∩.§#
.h#h..#..#########...##
#######..#...........≈#
......#..#########..###
......#..#....DhD#..≈#
#≈##..#..#.###+#.#..##
###≈..#..#?#~..#.#..≈#
# ##..#.©#©#≈©.#.#©.##


You could see an oklob plant, a raiju, 2 steam dragons and 2 acid dragons.

Vanquished Creatures
  A manticore (D:9)
  2 rust devils (D:9)
  Joseph (D:8)
  An orange demon (D:9)
  An unseen horror (D:10)
  A komodo dragon (D:8)
  An ice devil (D:9)
  4 trolls
  2 polar bears (D:10)
  A centaur simulacrum (D:11)
  7 yaks
  Eustachio (D:6)
  3 wraiths
  4 steam dragons
  A vampire mosquito (D:6)
  2 neqoxecs (D:9)
  A water moccasin (D:8)
  2 acid dragons
  3 ice beasts
  An orc warrior (D:9)
  A sky beast (D:8)
  4 black bears
  2 ogres
  4 centaurs
  A phantom (D:6)
  6 bullfrogs
  4 kobold brigands
  A necrophage (D:5)
  2 scorpions
  13 wights
  9 killer bees
  2 jellies
  2 hounds
  4 orc priests
  2 gnoll boudas
  5 iguanas
  11 orc wizards
  2 sleepcaps
  A hound skeleton (D:5)
  The ghost of Bravepunisher the Ducker, a weakling SpMo (D:4)
  9 gnolls
  3 adders
  2 white imps (D:11)
  3 worms
  4 dart slugs
  27 orcs
  8 bats
  6 endoplasms
  11 goblins
  6 hobgoblins
  4 quokkas
  3 ball pythons
  A frilled lizard (D:3)
  28 kobolds
  8 rats
240 creatures vanquished.

Vanquished Creatures (collateral kills)
  A hound (D:5)
  3 foxfires (D:8)
4 creatures vanquished.

Vanquished Creatures (others)
  642 foxfires
642 creatures vanquished.

Grand Total: 886 creatures vanquished

Notes
Turn   | Place    | Note
-------+----------+-------------------------------------------
     0 | D:1      | pokeman the Deep Elf Hedge Wizard began the quest for the
                  | Orb.
     0 | D:1      | Reached XP level 1. HP: 10/10 MP: 7/7
   597 | D:1      | Reached XP level 2. HP: 16/16 MP: 7/9
  1407 | D:2      | Reached skill level 5 in Spellcasting
  1563 | D:2      | Reached XP level 3. HP: 20/20 MP: 6/11
  1567 | D:2      | Learned a level 3 spell: Mephitic Cloud
  1570 | D:2      | Learned a level 2 spell: Call Imp
  1573 | D:2      | Learned a level 2 spell: Blink
  1577 | D:2      | Learned a level 3 spell: Ignite Poison
  1876 | D:2      | Reached skill level 1 in Fighting
  1958 | D:2      | Found Nydugaf's Magic Scroll Shop.
  1961 | D:2      | Bought a scroll of revelation for 97 gold pieces
  2321 | D:2      | Reached skill level 1 in Armour
  2456 | D:2      | Found a faded altar of an unknown god.
  2594 | D:3      | Reached XP level 4. HP: 17/25 MP: 8/13
  3027 | D:3      | Found a shimmering blue altar of Sif Muna.
  3037 | D:3      | Reached skill level 1 in Shields
  3037 | D:3      | Reached skill level 6 in Spellcasting
  3037 | D:3      | Reached XP level 5. HP: 29/29 MP: 10/15
  3041 | D:3      | Got a glistering book
  3044 | D:3      | Learned a level 1 spell: Foxfire
  3199 | D:3      | Found a sparkling altar of Nemelex Xobeh.
  3206 | D:3      | Found Gifo's Weapon Emporium.
  3584 | D:4      | Found a runed translucent gate.
  3584 | D:4      | Found a runed translucent gate.
  3584 | D:4      | Found a runed translucent gate.
  3586 | D:4      | Noticed Bravepunisher's ghost (weakling SpMo)
  3664 | D:4      | Noticed an ogre
  3673 | D:4      | Killed an ogre
  3674 | D:4      | Reached skill level 1 in Transmutations
  3783 | D:4      | Reached skill level 1 in Fire Magic
  4044 | D:4      | Found a glowing silver altar of Zin.
  4234 | D:4      | Noticed a steam dragon
  4243 | D:4      | Killed a steam dragon
  4244 | D:4      | Reached skill level 1 in Air Magic
  4244 | D:4      | Reached XP level 6. HP: 34/34 MP: 8/17
  4364 | D:5      | Entered Level 5 of the Dungeon
  4443 | D:5      | Reached skill level 7 in Spellcasting
  4562 | D:5      | Reached skill level 1 in Poison Magic
  4697 | D:5      | Noticed an ice beast
  4706 | D:5      | Killed an ice beast
  4707 | D:5      | Reached XP level 7. HP: 38/38 MP: 13/20
  4931 | D:5      | Found a staircase to the Ecumenical Temple.
  4946 | Temple   | Entered the Ecumenical Temple
  4963 | Temple   | Became a worshipper of Vehumet
  5046 | D:5      | Reached skill level 8 in Spellcasting
  5267 | D:5      | Found a burning altar of Makhleb.
  5403 | D:6      | Reached skill level 1 in Evocations
  5485 | D:6      | Reached XP level 8. HP: 44/44 MP: 11/22
  5551 | D:6      | Noticed Eustachio
  5590 | D:6      | Killed Eustachio
  5591 | D:6      | Reached skill level 9 in Spellcasting
  5791 | D:6      | Reached skill level 5 in Conjurations
  6173 | D:6      | Reached skill level 10 in Spellcasting
  6413 | D:6      | Reached * piety under Vehumet
  6413 | D:6      | Offered knowledge of Freeze by Vehumet.
  6451 | D:6      | Reached XP level 9. HP: 37/50 MP: 15/25
  6465 | D:6      | Learned a level 3 spell: Stone Arrow
  6578 | D:7      | Found a sacrificial altar of Ru.
  6793 | D:7      | Reached skill level 5 in Fire Magic
  7083 | D:7      | Reached skill level 1 in Earth Magic
  7090 | D:7      | Reached skill level 11 in Spellcasting
  7092 | D:7      | Offered knowledge of Searing Ray by Vehumet.
  7093 | D:7      | Reached ** piety under Vehumet
  8468 | D:8      | Offered knowledge of Inner Flame by Vehumet.
  8547 | D:8      | Reached skill level 12 in Spellcasting
  8560 | D:8      | Noticed a komodo dragon
  8566 | D:8      | Killed a komodo dragon
  8567 | D:8      | Reached XP level 10. HP: 56/56 MP: 11/28
  8666 | D:8      | Found a staircase to the Lair.
  8764 | D:8      | Reached *** piety under Vehumet
  8987 | D:8      | Noticed Joseph
  9006 | D:8      | Killed Joseph
  9584 | D:9      | Reached skill level 13 in Spellcasting
  9726 | D:9      | Identified the +6 spear "Grum" {venom, Str+4}
  9919 | D:9      | Noticed a manticore
  9939 | D:9      | Killed a manticore
 10188 | D:9      | Noticed an orange demon
 10190 | D:9      | Noticed a rust devil
 10192 | D:9      | Noticed a rust devil
 10195 | D:9      | Killed a rust devil
 10350 | D:9      | Killed a rust devil
 10351 | D:9      | Reached skill level 5 in Earth Magic
 10567 | D:9      | Killed an orange demon
 10568 | D:9      | Reached XP level 11. HP: 50/60 MP: 20/30
 10738 | D:2      | Bought a scroll of teleportation for 39 gold pieces
 10738 | D:2      | Bought a scroll of identify for 26 gold pieces
 10738 | D:2      | Bought a scroll of teleportation for 39 gold pieces
 10738 | D:2      | Bought a scroll of identify for 26 gold pieces
 10738 | D:2      | Bought a scroll of identify for 26 gold pieces
 10823 | D:4      | Offered knowledge of Dazzling Flash by Vehumet.
 10824 | D:4      | Killed Bravepunisher's ghost
 11093 | D:10     | Entered Level 10 of the Dungeon
 11103 | D:10     | Reached skill level 14 in Spellcasting
 11386 | D:10     | Found a portal to a secret trove of treasure.
 11502 | D:10     | Found a bloodstained altar of Trog.
 11529 | D:10     | Reached **** piety under Vehumet
 11576 | D:10     | Reached skill level 5 in Armour
 11614 | D:10     | Learned a level 5 spell: Fireball
 11890 | D:11     | Offered knowledge of Olgreb's Toxic Radiance by Vehumet.
 11909 | D:11     | Found a gate leading to a gauntlet.
 11930 | Gauntlet | Entered a Gauntlet
 11930 | Gauntlet | Noticed an oklob plant
 11930 | Gauntlet | Found a transporter.
 11930 | Gauntlet | Found a runed translucent door.
 11930 | Gauntlet | Found a transporter.
 11932 | Gauntlet | Found a transporter.
 11932 | Gauntlet | Found a transporter.
 11934 | Gauntlet | Found a runed translucent door.
 11971 | Gauntlet | Found a transporter.
 11974 | Gauntlet | Found a transporter.
 11976 | Gauntlet | Found a transporter.
 12010 | Gauntlet | Found a transporter.
 12011 | Gauntlet | Found a transporter.
 12011 | Gauntlet | Found a transporter.
 12013 | Gauntlet | Noticed a sixfirhy
 12020 | Gauntlet | Noticed a sixfirhy
 12025 | Gauntlet | Found a transporter.
 12038 | Gauntlet | Found a transporter.
 12048 | Gauntlet | Found a transporter.
 12051 | Gauntlet | Found the ring of the Hare {EV+10}
 12065 | Gauntlet | Found a transporter.
 12163 | Gauntlet | Killed from afar by an oklob plant

Illustrated notes

Levels and vault maps discovered:
D:1:      spicycebolla_arrival_risky_transporter, layout_basic,
          supply_closet_lemuel
D:2:      layout_basic, shapermc_ecumenical_altar_gd, serial_shops,
          nicolae_shop_real_fake_doors, chequers_garden, minmay_hexomino_u4
D:3:      layout_loops_ring, nemelex_xobeh_ov_fountains_minmay, led_sif_book,
          serial_shops, shop
D:4:      layout_rooms, zin_academy, gammafunk_ghost_split, serial_bayou_pond_c
D:5:      layout_cave_pools, makhleb_blood_cavern_becter, temple_pool_b,
          corexii_checkpoint_a
D:6:      layout_cave_pools, minmay_three_doors, uniq_eustachio
D:7:      layout_layer_cave, mainiacjoe_overflow_paths
D:8:      layout_loops_ring, due_lair_maze_entry_diamond,
          hangedman_decor_points, nrook_pool_corridor, fungi_pond_lemuel,
          uniq_joseph
D:9:      layout_roguey, nicolae_neqoxec_dot_bat
D:10:     layout_cave_pools, trog_ov_bears_minmay, nicolae_trove_entry_isolated,
          amethyst_killhole, chequers_serial_rivers_micro_b
D:11:     layout_irregular_city, david_orc_4, gauntlet_entry_generic,
          serial_ice, serial_ice_a, serial_ice_h, serial_ice_d, serial_ice_c,
          serial_ice_n, serial_ice_f, uniq_lodul
Temple:   lightli_temple_of_artemis
Gauntlet: gammafunk_gauntlet_mixed_choke_point
          [minmay_gauntlet_arena_77_shame_cube, minmay_gauntlet_arena_77_mirror,
          minmay_gauntlet_arena_77_fan, gammafunk_gauntlet_arena_teeth,
          minmay_gauntlet_arena_77_tiled_triplets,
          minmay_gauntlet_arena_77_broken_ladder, minmay_gauntlet_arena_77_box,
          dreamdust_gauntlet_exit_labyrinth]

Skill      XL: |  1  2  3  4  5  6  7  8  9 10 11 |
---------------+----------------------------------+-----
Spellcasting   | 5 6 7 8 10 12 13 14 | 14.6
Fighting       | 1 2 3 |  3.2
Armour         | 1 3 4 5 |  5.0
Conjurations   | 2 3 4 5 6 8 |  8.5
Dodging        | 3 |  3.1
Shields        | 1 |  1.0
Transmutations | 1 |  1.0
Fire Magic     | 1 2 3 4 6 7 |  7.8
Stealth        | 3 |  3.3
Air Magic      | 1 |  1.0
Poison Magic   | 1 |  1.0
Evocations     | 1 |  1.0
Earth Magic    | 3 5 |  5.8
Summonings     | |  1.1
Translocations | |  1.1

Action                     |  1- 3 |  4- 6 |  7- 9 | 10-12 || total
---------------------------+-------+-------+-------+-------++-------
  Melee: Dagger            |    32 |     2 |    10 |       ||    44
         Rapier            |       |       |    24 |    21 ||    45
         Spear             |       |       |       |    28 ||    28
         Punch             |       |       |       |     1 ||     1
   Cast: Magic Dart        |    84 |    44 |     3 |     2 ||   133
         Mephitic Cloud    |     1 |     2 |    23 |    35 ||    61
         Foxfire           |       |    69 |   219 |    77 ||   365
         Blink             |       |     2 |     2 |     2 ||     6
         Call Imp          |       |       |     2 |     3 ||     5
         Ignite Poison     |       |       |    10 |    21 ||    31
         Stone Arrow       |       |       |       |    28 ||    28
    Use: Scroll            |       |       |       |    10 ||    10
   Stab: Sleeping          |     1 |       |       |     1 ||     2
         Confused          |       |     1 |     1 |     7 ||     9
 Armour: Robe              |    14 |     5 |    17 |       ||    36
         Steam dragon scal |       |       |    37 |    59 ||    96
  Dodge: Dodged            |    14 |     4 |    56 |    47 ||   121

Table legend: (Time is in decaauts)
 A = Elapsed time spent in this place.
 B = Non-inter-level travel time spent in this place.
 C = Inter-level travel time spent in this place.
 D = Time resting spent in this place.
 E = Time spent auto-exploring this place.
 F = Levels seen in this place.
 G = Mean time per level.
                   A        B        C        D        E       F      G
               +--------+--------+--------+--------+--------+-----+--------+
         Total |  12181 |  11486 |    695 |    448 |   9146 |  13 |  937.0 |
       Dungeon |  11913 |  11234 |    679 |    448 |   9146 |  11 | 1083.0 |
        Temple |     34 |     18 |     16 |      0 |      0 |   1 |   34.0 |
      Gauntlet |    232 |    232 |      0 |      0 |      0 |   1 |  232.0 |
               +--------+--------+--------+--------+--------+-----+--------+

Top non-repeatable levels by time:
     D:7: 1664 daAuts
     D:2: 1470 daAuts
     D:9: 1293 daAuts
     D:8: 1282 daAuts
     D:6: 1154 daAuts
     D:1: 1148 daAuts
     D:5: 1108 daAuts
     D:3: 1044 daAuts
     D:4: 909 daAuts
    D:10: 771 daAuts
Gauntlet: 232 daAuts
    D:11: 64 daAuts
  Temple: 34 daAuts
